 Dungeon Crawl Stone Soup version 0.30-a0-377-g5cb311bc9f (webtiles) character file.

Game seed: 17890440867699318444

56 qeuew the Sneak (level 3, -1/16 HPs)
             Began as a Spriggan Venom Mage on Nov 30, 2022.
             Frozen to death by an endoplasm (5 damage)
             ... on level 2 of the Dungeon.
             The game lasted 00:02:29 (1477 turns).

qeuew the Sneak (Spriggan Venom Mage)               Turns: 1477, Time: 00:02:30

Health: -1/16      AC:  3    Str:  4    XL:     3   Next: 71%
Magic:  6/8        EV: 18    Int: 16    God:
Gold:   14         SH:  0    Dex: 17    Spells: 7/8 levels left

rFire   . . .      SeeInvis +    e - +1 dagger (venom)
rCold   . . .      Faith    .    (no shield)
rNeg    . . .      Spirit   .    a - +1 robe
rPois   .          Reflect  .    (helmet restricted)
rElec   .          Harm     .    (no cloak)
rCorr   .          Rampage  .    (gloves unavailable)
Will    .....                    (boots unavailable)
Stlth   +++.......               d - amulet of magic regeneration
HPRegen 0.22/turn                (no ring)
MPRegen 0.51/turn                (no ring)

@: very quick
A: very small, no large weapons, unfitting armour, see invisible, speed 3
a: no special abilities


You were on level 2 of the Dungeon.
You visited 1 branch of the dungeon, and saw 2 of its levels.

You collected 14 gold pieces.

Inventory:

Hand Weapons
 e - a +1 dagger of venom (weapon)
Armour
 a - a +1 robe (worn)
Jewellery
 d - an amulet of magic regeneration (around neck)
Potions
 b - a potion of magic
 c - a potion of resistance


   Skills:
 + Level 0.5 Short Blades
 + Level 3.3 Dodging
 * Level 4.4 Stealth
 + Level 3.2 Spellcasting
 + Level 2.1 Transmutations
 + Level 3.2 Poison Magic


You had 7 spell levels left.
You knew the following spells:

 Your Spells              Type           Power      Damage    Failure   Level
a - Sting                 Tmut/Pois      44%        1d5       6%          1

Your spell library contained the following spells:

 Spells                   Type           Power      Damage    Failure   Level
 Poisonous Vapours        Pois/Air       14%        N/A       14%         2
 Mephitic Cloud           Conj/Pois/Air  6%         N/A       34%         3
 Olgreb's Toxic Radiance  Pois           13%        N/A       43%         4


Dungeon Overview and Level Annotations

Branches:
Dungeon (2/15)

Altars:


Innate Abilities, Weirdness & Mutations

You are very small and have problems with some larger weapons.
You are too small for most types of armour.
You have supernaturally acute eyesight. (SInv)
You cover ground extremely quickly. (Speed+++)


Message History

You are too injured to fight recklessly!
You are too injured to fight recklessly!
You are too injured to fight recklessly!
You are too injured to fight recklessly!
You are too injured to fight recklessly!
You are too injured to fight recklessly!
Aiming: Sting (safe; 6% risk of failure)
Press: ? - help, Q - select action Shift-Dir - straight line, f - giant cockroach
Aim: a giant cockroach (74% to hit)
You feel a surge of power!
The sting hits the giant cockroach but does no damage.
The giant cockroach is poisoned.
The giant cockroach closely misses you. The goblin misses you.
Aiming: Sting (safe; 6% risk of failure)
Press: ? - help, Q - select action Shift-Dir - straight line, f/p - giant cockroach
Aim: a giant cockroach (severely wounded, poisoned, 74% to hit)
You feel a surge of power!
The sting hits the giant cockroach.
The giant cockroach looks even sicker.
The giant cockroach is almost dead.
You kill the giant cockroach!
The goblin misses you. The endoplasm freezes you.
You are frozen.
* * * LOW HITPOINT WARNING * * *
You see here 8 gold pieces.
You feel a little less clever now.
Aiming: Sting (safe; 6% risk of failure)
Press: ? - help, Q - select action Shift-Dir - straight line, f - goblin
Aim: a goblin, wielding a +0 dagger (64% to hit)
The sting hits the goblin.
The goblin is poisoned.
The goblin is heavily wounded.
Unknown command.
Aiming: Sting (safe; 6% risk of failure)
Press: ? - help, Q - select action Shift-Dir - straight line, f/p - goblin
Aim: a goblin, wielding a +0 dagger (heavily wounded, poisoned, 64% to hit)
The sting hits the goblin.
The goblin looks even sicker.
You kill the goblin!
The endoplasm freezes you.
You are frozen.
You die...

#.......... .#
#............ .
..........!.....# #.
##................
#.##.................
#....)...#..#...#..#.
#........#.##..>....#
#....)...#.##........
#...@J.....##.......#
#....[..).†.?......#.
#..<..............>..
#......##.#..........
#########.###........
#.# #........ ..#
#........
.####........
#...###.##


You could see an endoplasm.

Vanquished Creatures
  An adder (D:2)
  5 ball pythons
  7 endoplasms (D:1)
  3 giant cockroaches
  6 goblins
  2 hobgoblins
  A kobold (D:1)
  8 quokkas
  2 bats (D:1)
  3 frilled lizards (D:1)
  3 rats (D:1)
41 creatures vanquished.

Notes
Turn   | Place    | Note
-------+----------+-------------------------------------------
     0 | D:1      | qeuew the Spriggan Venom Mage began the quest for the Orb.
     0 | D:1      | Reached XP level 1. HP: 9/9 MP: 5/5
   309 | D:1      | Reached XP level 2. HP: 7/13 MP: 0/6
   565 | D:1      | Reached skill level 4 in Stealth
   637 | D:1      | Reached XP level 3. HP: 2/16 MP: 4/8
  1477 | D:2      | Frozen to death by an endoplasm

Illustrated notes

Levels and vault maps discovered:
D:1:      eino_arrival_druids_welcome, layout_basic
D:2:      layout_rooms, serial_bayou, serial_bayou_pond_e, serial_bayou_pond_a,
          serial_bayou_crossing, serial_bayou_shore_b, serial_bayou_shore_b,
          nicolae_titane, uniq_robin, uniq_crazy_yiuf_cottage

Skill      XL: |  1  2  3 |
---------------+----------+-----
Dodging        | 3 |  3.3
Spellcasting   | 3 |  3.2
Stealth        | 4 |  4.4
Transmutations | 2 |  2.1
Short Blades   | |  0.5
Poison Magic   | |  3.2

Action                   || total
-------------------------++-------
Melee: Unarmed           ||    12
       Dagger            ||    35
 Cast: Sting             ||    64
  Use: Scroll            ||     4
       Potion            ||     2
 Stab: Sleeping          ||     2
Armor: Robe              ||    10
Dodge: Dodged            ||    62

Table legend: (Time is in decaauts)
 A = Elapsed time spent in this place.
 B = Non-inter-level travel time spent in this place.
 C = Inter-level travel time spent in this place.
 D = Time resting spent in this place.
 E = Time spent auto-exploring this place.
 F = Levels seen in this place.
 G = Mean time per level.
                   A        B        C        D        E       F      G
               +--------+--------+--------+--------+--------+-----+--------+
         Total |   1071 |   1049 |     22 |      0 |    841 |   2 |  535.5 |
       Dungeon |   1071 |   1049 |     22 |      0 |    841 |   2 |  535.5 |
               +--------+--------+--------+--------+--------+-----+--------+

Top non-repeatable levels by time:
     D:1: 1037 daAuts
     D:2: 33 daAuts
